 Dungeon Crawl Stone Soup version 0.30-b1-2-g02819fbbbe (webtiles) character file.

Game seed: 2990678755501190558

1656360 NoMoreGames the Conqueror (level 26, 266/266 HPs)
             Began as a Minotaur Berserker on Aug 18, 2023.
             Was the Champion of Trog.
             Escaped with the Orb
             ... and 3 runes!
             The game lasted 02:48:12 (71569 turns).

NoMoreGames the Conqueror (Minotaur Berserker)     Turns: 71569, Time: 02:48:13

Health: 266/266    AC: 43    Str: 24    XL:     26   Next: 74%
Magic:  20/22      EV: 23    Int:  4    God:    Trog [******]
Gold:   3817       SH: 28    Dex: 18    Spells: 25/25 levels left

rFire   + . .        x - +9 eveningstar (freeze)
rCold   + . .        R - +2 tower shield {AC+3}
rNeg    . . .        c - +2 gold dragon scales
rPois   +            W - +2 hat {SInv}
rElec   +            Q - +2 cloak "Qeipunupe" {rPois SInv}
rCorr   .            h - +2 pair of gloves {infuse}
SInv    +            q - +2 pair of boots
Will    +....        P - amulet of regeneration Stlth
                     s - ring of Perfectionism {rElec Slay+4}
HPRegen 1.44/turn    z - +5 ring of evasion
MPRegen 0.18/turn

%: infuse magic (1 MP)
@: studying Evocations
A: horns 2, retaliatory headbutt, deterioration 1, weak 1, MP-powered wands
0: Orb of Zot
}: 3/15 runes: barnacled, silver, gossamer
a: Renounce Religion, Berserk, Trog's Hand, Brothers in Arms


You escaped.
You worshipped Trog.
Trog was exalted by your worship.
You visited 9 branches of the dungeon, and saw 47 of its levels.
You visited 1 bazaar.
You also visited: Trove, Sewer, Ice Cave and Desolation.

You collected 6872 gold pieces.
You spent 3055 gold pieces at shops.

Inventory:

Hand Weapons
 x - a +9 eveningstar of freezing (weapon)
Missiles
 j - 14 silver javelins
 n - 8 javelins
 F - 11 throwing nets (quivered)
Armour
 c - +2 gold dragon scales (worn)
 h - a +2 pair of gloves of infusion (worn)
 q - a +2 pair of boots (worn)
 Q - the +2 cloak "Qeipunupe" (worn) {rPois SInv}
   (You found it on level 1 of the Depths)

   rPois:     It protects you from poison.
   SInv:      It lets you see invisible.
 R - a +2 tower shield of protection (worn)
 W - a +2 hat of see invisible (worn)
Jewellery
 o - a ring of fire
 s - the ring of Perfectionism (left hand) {rElec Slay+4}
   (You found it in the Desolation of Salt)

   [ring of slaying]

   Slay:      It affects your accuracy & damage with ranged weapons and melee
   (+4).
   rElec:     It insulates you from electricity.
 t - the ring "Hiemoloo" {+Blink Int+6}
   (You found it on level 2 of the Vaults)

   [ring of intelligence]

   Int:       It affects your intelligence (+6).
   +Blink:    It lets you blink.
 z - a +5 ring of evasion (right hand)
 A - a ring of willpower
 P - an amulet of regeneration (around neck)
 T - a ring of protection from cold
Wands
 y - a wand of quicksilver (33)
 B - a wand of digging (28)
 G - a wand of flame (73)
 H - a wand of mindburst (44)
 I - a wand of roots (22)
Scrolls
 b - 6 scrolls of silence
 l - 3 scrolls of poison
 r - 16 scrolls of teleportation
 C - 3 scrolls of fog
 D - 11 scrolls of vulnerability
 E - 3 scrolls of blinking
 M - 3 scrolls of summoning
 O - 20 scrolls of identify
 S - 5 scrolls of fear
Potions
 d - 4 potions of resistance
 e - 3 potions of mutation
 f - 5 potions of haste
 g - 3 potions of invisibility
 i - 7 potions of flight
 k - 23 potions of curing
 u - 3 potions of cancellation
 v - 8 potions of might
 w - 12 potions of ambrosia
 K - 5 potions of attraction
 N - 10 potions of lignification
Miscellaneous
 m - a box of beasts
 J - a phial of floods
 L - a phantom mirror
 V - a lightning rod (4/4)
 Y - a condenser vane (inert)


   Skills:
 O Level 27 Fighting
 - Level 16.0 Maces & Flails
 - Level 6.0 Throwing
 - Level 22.0 Armour
 + Level 26.2 Dodging
 O Level 27 Shields
 - Level 20.0 Evocations


You had 25 spell levels left.
You didn't know any spells.
Your spell library was empty.

Dungeon Overview and Level Annotations

Branches:
Dungeon (15/15)            Temple (0/1) D:6            Lair (5/5) D:11
 Shoals (4/4) Lair:3       Spider (4/4) Lair:3        Slime (0/5) Lair:5
    Orc (2/2) D:10            Elf (3/3) Orc:2        Vaults (5/5) D:14
  Crypt (0/3) Vaults:2     Depths (4/4) D:15            Zot (5/5) Depths:4
  Sewer (visited)           IceCv (visited)         Desolation (visited)

Altars:
Cheibriados
Elyvilon
Fedhas
Gozag
Hepliaklqana
Kikubaaqudgha
Okawaru
Qazlal
Sif Muna
Trog
Uskayaw
Vehumet
Wu Jian
Xom
Yredelemnul
Zin

Shops:
D:11 [   Orc:1 !   Orc:2 [*[(   Elf:1 ?[![   Shoals:1 =??   Vaults:5 ?!?

Portals:
Hell: Depths:1 Depths:2 Depths:3 Depths:4
Abyss: Vaults:1 Depths:1 Depths:3
Pandemonium: Depths:1 Depths:2
Ziggurat: Depths:1

Annotations:
Lair:3 2 transporters, diceflayer's ghost, journeyman MiFi
Elf:2 3 runed translucent doors
Vaults:1 2 transporters, carontestyx's ghost, adept MiCK


Innate Abilities, Weirdness & Mutations

You have a pair of horns on your head.
You reflexively headbutt those who attack you in melee.
Your body sometimes deteriorates upon taking damage.
You are weak. (Str -2)
You expend magic power (3 MP) to strengthen your wands.


Message History

There is a stone staircase leading up here.
You climb upwards.
There is a stone staircase leading down here.
An Executioner comes into view.
The Executioner gestures.
The Executioner seems to speed up.
You miss the Executioner. Your headbutt misses the Executioner.
The Executioner closely misses you. You block the Executioner's attack. x3
The Executioner completely misses you. You block the Executioner's attack.
You bludgeon the Executioner!! You freeze the Executioner.
The Executioner is heavily wounded.
You block the Executioner's attack. x2; The Executioner hits you.
The Executioner barely misses you.
The Executioner hits you but does no damage.
The Executioner hits you.
You impale the Executioner!! You freeze the Executioner.
Your headbutt misses the Executioner.
The Executioner is almost dead.
You block the Executioner's attack. x3
The Executioner hits you but does no damage. x2
The Executioner misses you.
You impale the Executioner!! You freeze the Executioner.
You kill the Executioner!
Trog accepts your kill.
No target in view!
Aiming: Dig
Press: ? - help, Shift-Dir - straight line You can't see that place. [a rock wall.]
You feel a surge of power!
The rock shatters into small pieces.
A red devil comes into view. It is wielding a +0 trident.
You block the red devil's attack.
You spit the red devil like a pig!!! You freeze the red devil.
You kill the red devil!
Trog accepts your kill.
No target in view!
There is an open door here.
You see here a +0 trident.
There is a staircase leading out of the dungeon here.
You have escaped!

#..#######.#..#.###.#
#....# #..#
#.#..#..##.# #.....
#..# #.#####.##.#
###### ####..#
#.......##.# #
......# #......###.#
# ####.##
####)##.##.# # #.#
#^..##.#.# # ####.#
#...###..# # .....#
#.@.# ##.# # ######
#...# #.# ## #####
#.# #. #.# #. ### #.#
#. #.# #.# #. ###
#.####.# #. ..#
#...##.### ## #.#
###.##...##


There were no monsters in sight!

Vanquished Creatures
  3 dread liches (Zot:5)
  9 ancient liches
  5 orbs of fire
  A juggernaut (Depths:3)
  6 Killer Klowns
  Xtahua (Vaults:3)
  Bai Suzhen (Spider:3)
  Jory (Vaults:3)
  Nikola (Vaults:2)
  14 golden dragons
  Arachne (Spider:2)
  2 electric golems (Zot:5)
  11 tentacled monstrosities
  Rupert (Lair:3)
  2 walking crystal tomes
  Jorgrun (Spider:3)
  5 liches
  5 walking divine tomes
  26 Orb Guardians
  2 deep elf blademasters (Elf:3)
  2 deep elf master archers (Elf:3)
  6 titans
  9 quicksilver dragons
  A walking frostbound tome (Zot:3)
  Frances (Spider:1)
  6 sphinxes
  8 death cobs
  A kraken (Shoals:2)
  An Executioner (D:1)
  Gastronok (D:12)
  10 storm dragons
  8 tengu reavers
  Roxanne (Spider:3)
  7 shadow dragons
  5 draconian monks
  A nargun (Zot:3)
  3 draconian knights
  8 fire giants
  6 emperor scorpions
  A deep elf sorcerer (Vaults:5)
  20 vault wardens
  An imperial myrmidon (Desolation)
  Aizul (Spider:3)
  5 draconian shifters
  5 frost giants
  A balrug (Zot:1)
  An iron dragon (Vaults:5)
  2 orc warlords
  2 draconian scorchers
  An angel (D:3)
  Louise (Depths:3)
  4 deep elf elementalists
  3 draconian stormcallers
  8 ghost moths
  3 reapers
  10 draconian annihilators
  12 stone giants
  4 war gargoyles
  14 ironbound preservers
  A broodmother (Spider:2)
  21 very ugly things
  3 ironbound thunderhulks
  11 green draconians
  A juggernaut skeleton (Depths:3)
  7 deep elf demonologists
  A broodmother (shapeshifter) (Vaults:5)
  15 black draconians
  3 halazid warlocks (Desolation)
  21 red draconians
  3 minotaurs (Shoals:4)
  4 purple draconians
  13 yellow draconians
  10 dire elephants
  A lorocyproca (D:8)
  6 deep elf annihilators
  9 white draconians
  3 spark wasps
  3 merfolk javelineers
  A green death (D:14)
  A crystal guardian (Desolation)
  11 fire dragons
  7 deep elf death magi
  Josephine (Orc:2)
  7 ettins
  3 entropy weavers
  14 yaktaur captains
  7 great orbs of eyes
  2 deep elf high priests (Elf:3)
  Harold (D:10)
  2 merfolk impalers (Shoals:4)
  2 caustic shrike simulacra (IceCv)
  A hell beast (D:3)
  9 ragged hierophants (Desolation)
  2 ghost crabs (Spider:1)
  5 servants of whispers (Desolation)
  4 spriggan air magi
  5 rakshasas
  19 centaur warriors
  6 peacekeepers (Desolation)
  10 hydras
  2 jorogumos
  A catoblepas (Lair:5)
  A merfolk avatar (Shoals:3)
  6 ice dragons
  5 ogre magi
  2 radroaches
  34 vault guards
  10 ironbound frosthearts
  19 dancing weapons
  8 boulder beetles
  A merfolk aquamancer (Shoals:4)
  6 deep troll shamans
  16 two-headed ogres
  14 satyrs
  7 tengu warriors
  8 death yaks
  A titan zombie (Vaults:4)
  6 spriggan berserkers
  10 deep troll earth magi
  2 sun demons (Depths:3)
  A vampire mage (D:15)
  3 soul eaters
  5 deep elf knights
  11 hell knights
  8 skysharks
  A shadow wraith (Vaults:5)
  6 iron trolls
  2 salamander mystics (Depths:3)
  4 skeletal warriors (D:15)
  2 sun moths
  A sixfirhy (Depths:2)
  48 deep trolls
  2 pharaoh ants
  2 flayed ghosts
  14 sea snakes
  A swamp dragon (shapeshifter) (Vaults:1)
  A bog body (IceCv)
  13 orb spiders
  6 deep elf archers
  2 phantasmal warriors
  2 glowing orange brains
  3 spriggan simulacra (IceCv)
  8 necromancers
  19 ironbound convokers
  9 wizards
  2 golden dragon skeletons
  A steelbarb worm (Spider:2)
  An obsidian statue (IceCv)
  18 lindwurms
  22 deep elf zephyrmancers
  An iron dragon zombie (Depths:3)
  3 stone giant zombies
  8 orc knights
  26 deep elf pyromancers
  19 wolf spiders
  19 harpies
  23 ugly things
  4 salamanders (Depths:3)
  6 cyclopes
  An orc sorcerer (Orc:2)
  A fire giant zombie (Vaults:3)
  32 moths of wrath
  6 fauns
  A moth of wrath (shapeshifter) (Vaults:5)
  23 manticores
  4 elephants
  5 merfolk sirens
  7 black mambas
  A fire giant skeleton (D:15)
  A black mamba (shapeshifter) (Vaults:5)
  5 torpor snails
  A stone giant skeleton (Vaults:3)
  19 vault sentinels
  4 guardian serpents (Desolation)
  2 smoke demons (Depths:3)
  6 demonic crawlers
  7 water nymphs
  2 kobold demonologists
  12 cane toads
  12 komodo dragons
  An unseen horror (D:12)
  An elf skeleton (Vaults:4)
  A hellion (Depths:2)
  Maggie (D:8)
  11 freezing wraiths
  3 rime drakes
  A tormentor (Depths:1)
  7 tengu conjurers
  A guardian mummy (D:15)
  5 ice devils (IceCv)
  2 efreet
  43 yaktaurs
  2 anaconda simulacra (IceCv)
  4 red devils
  4 wind drakes
  2 tyrant leeches (Spider:1)
  A merfolk (shapeshifter) (Vaults:5)
  3 polar bears
  3 hornets
  6 meliai
  24 merfolk
  Prince Ribbit (D:6)
  25 tarantellas
  17 trolls
  3 blink frogs (Lair:5)
  A polar bear (shapeshifter) (D:14)
  A raiju (shapeshifter) (Elf:1)
  15 dream sheep
  56 saltlings (Desolation)
  11 snapping turtles
  A dire elephant simulacrum (IceCv)
  19 slime creatures
  A jumping spider (shapeshifter) (D:15)
  Sigmund (D:3)
  An air elemental (Elf:1)
  34 jumping spiders
  A ynoxinul (Depths:1)
  12 water elementals
  10 wraiths
  24 culicivoras
  3 vampires
  A spriggan (Depths:3)
  27 yaks
  2 shadows
  9 basilisks
  3 fire elementals
  4 wyverns
  Grum (D:8)
  Eustachio (D:6)
  3 steam dragons
  A golden eye (D:10)
  54 redbacks
  2 chaos spawn
  A minotaur simulacrum (IceCv)
  2 harpy simulacra (IceCv)
  17 vampire mosquitoes
  2 acid dragons (Lair:5)
  A glowing shapeshifter zombie (Vaults:3)
  7 wargs
  13 water moccasins
  4 hell hounds (Depths:1)
  A sky beast (D:4)
  2 black bears
  2 human zombies (Vaults:4)
  A swamp drake (Lair:5)
  25 ogres
  19 orc warriors
  An ice beast (D:8)
  A boggart (Vaults:2)
  20 wolves
  14 centaurs
  6 kobold brigands
  Blork the orc (D:6)
  8 bullfrogs
  2 scorpions (D:6)
  3 deep troll simulacra (IceCv)
  3 gnoll sergeants
  2 earth elementals
  13 wights (D:9)
  A lindwurm simulacrum (IceCv)
  10 killer bees
  5 howler monkeys
  3 electric eels
  2 quasits (D:7)
  A hound (D:5)
  2 gnoll boudas (D:9)
  A jelly (D:5)
  18 orc priests
  A sleepcap (D:6)
  Ijyb (D:3)
  Terence (D:3)
  6 iguanas
  26 orc wizards
  10 hell rats (Lair:3)
  A statue (D:11)
  14 gnolls
  9 adders
  4 river rats (Sewer)
  A shadow imp (D:7)
  3 white imps
  4 ufetubi
  2 worms
  A dart slug (D:1)
  62 orcs
  6 endoplasms
  7 goblins
  8 hobgoblins
  7 jackals
  2 quokkas
  14 ball pythons
  9 bats
  2 frilled lizards
  33 kobolds
  19 rats
  3 tentacles (Shoals:2)
2117 creatures vanquished.

Vanquished Creatures (collateral kills)
  2 sphinxes
  A deep elf sorcerer (Elf:3)
  2 deep elf elementalists (Elf:3)
  A spark wasp (Spider:4)
  A deep elf death mage (Elf:3)
  A yaktaur captain (Vaults:2)
  An entropy weaver (Vaults:5)
  A merfolk javelineer (Shoals:4)
  2 deep elf high priests (Vaults:5)
  A spriggan air mage (Depths:3)
  A swamp dragon (Lair:5)
  An ironbound convoker (Vaults:5)
  A faun (Shoals:4)
  2 manticores (Shoals:4)
  A vault sentinel (Vaults:2)
  A yaktaur (Vaults:4)
  2 merfolk (Shoals:4)
  2 hornets (Spider:4)
  A wyvern (Lair:3)
  A spriggan (Depths:3)
26 creatures vanquished.

Vanquished Creatures (others)
  A draconian knight (Zot:5)
  2 deep elf knights (Elf:1)
  A hornet (Depths:3)
  3 tyrant leeches (Spider:1)
  A fire elemental (Elf:3)
  17 fungi
  139 plants
  7 tentacles (Shoals:2)
  14 withered plants
185 creatures vanquished.

Grand Total: 2328 creatures vanquished

Notes
Turn   | Place    | Note
-------+----------+-------------------------------------------
     0 | D:1      | NoMoreGames the Minotaur Berserker began the quest for the
                  | Orb.
     0 | D:1      | Reached XP level 1. HP: 19/19 MP: 0/0
    93 | D:1      | Reached XP level 2. HP: 22/27 MP: 1/1
   412 | D:1      | Reached ** piety under Trog
   413 | D:1      | Reached XP level 3. HP: 23/34 MP: 2/2
  1557 | D:3      | Noticed Terence
  1564 | D:3      | Killed Terence
  1565 | D:3      | Reached skill level 5 in Fighting
  1565 | D:3      | Reached skill level 5 in Maces & Flails
  1565 | D:3      | Reached XP level 4. HP: 42/42 MP: 3/3
  1836 | D:3      | Noticed Ijyb
  1843 | D:3      | Killed Ijyb
  2003 | D:3      | Noticed Sigmund
  2013 | D:3      | Killed Sigmund
  2014 | D:3      | Reached XP level 5. HP: 52/52 MP: 4/4
  2014 | D:3      | Reached XP level 6. HP: 60/60 MP: 5/5
  2144 | D:3      | Reached skill level 1 in Shields
  2586 | D:4      | Found a stormy altar of Qazlal.
  2615 | D:4      | Noticed a sky beast
  2628 | D:4      | Killed a sky beast
  2869 | D:4      | Reached XP level 7. HP: 54/66 MP: 6/6
  3700 | D:5      | Entered Level 5 of the Dungeon
  4161 | D:5      | Reached *** piety under Trog
  4347 | D:5      | Found a glowing drain.
  4356 | Sewer    | Entered a sewer
  4871 | D:5      | Found a shimmering blue altar of Sif Muna.
  4924 | D:5      | Found a white marble altar of Elyvilon.
  5134 | D:5      | Identified the +2 leather armour of the Slug {-Cast Regen+
                  | Str+4}
  5379 | D:6      | Noticed Blork the orc
  5384 | D:6      | Killed Blork the orc
  5385 | D:6      | Reached XP level 8. HP: 74/74 MP: 7/7
  5460 | D:6      | Noticed a troll
  5462 | D:6      | Reached **** piety under Trog
  5464 | D:6      | Killed a troll
  5532 | D:6      | Noticed Eustachio
  5599 | D:6      | Reached skill level 5 in Armour
  5609 | D:6      | Killed Eustachio
  5672 | D:6      | Reached skill level 5 in Dodging
  5688 | D:6      | Noticed Prince Ribbit
  5694 | D:6      | Reached skill level 5 in Shields
  5698 | D:6      | Killed Prince Ribbit
  5813 | D:6      | Reached XP level 9. HP: 79/85 MP: 8/8
  5846 | D:6      | Reached skill level 10 in Fighting
  5917 | D:6      | Found a staircase to the Ecumenical Temple.
  6169 | D:7      | Reached skill level 1 in Evocations
  6644 | D:7      | Found an ornate altar of the Wu Jian Council.
  6648 | D:7      | Found an iron altar of Okawaru.
  6674 | D:7      | Found a hazy altar of Hepliaklqana.
  6675 | D:7      | Found a shimmering altar of Xom.
  6676 | D:7      | Noticed a spectral ugly thing
  7296 | D:8      | Noticed Grum
  7311 | D:8      | Killed Grum
  7375 | D:8      | Noticed Maggie
  7391 | D:8      | Killed Maggie
  7392 | D:8      | Reached XP level 10. HP: 80/94 MP: 9/9
  7578 | D:8      | Found an ancient bone altar of Kikubaaqudgha.
  8222 | D:9      | Reached ***** piety under Trog
  8329 | D:9      | Noticed a two-headed ogre
  8342 | D:9      | Killed a two-headed ogre
  8468 | D:9      | Reached skill level 10 in Maces & Flails
  8468 | D:9      | Reached skill level 5 in Evocations
  8499 | D:9      | Noticed a two-headed ogre
  8504 | D:9      | Killed a two-headed ogre
  8505 | D:9      | Reached XP level 11. HP: 98/104 MP: 10/10
  8647 | D:9      | Found a glowing silver altar of Zin.
  8769 | D:9      | Noticed a two-headed ogre
  8772 | D:9      | Killed a two-headed ogre
  8821 | D:9      | Noticed a two-headed ogre
  8826 | D:9      | Killed a two-headed ogre
  9271 | D:9      | Identified 2 scrolls of acquirement
  9271 | D:9      | Acquired a manual of Dodging
  9273 | D:9      | Acquired a manual of Fighting
  9485 | D:10     | Entered Level 10 of the Dungeon
  9972 | D:10     | Found a snail-covered altar of Cheibriados.
 10313 | D:10     | Noticed Harold
 10736 | D:10     | Killed Harold
 10868 | D:10     | Found a staircase to the Orcish Mines.
 11583 | D:11     | Found a radiant altar of Vehumet.
 11699 | D:11     | Found a staircase to the Lair.
 11843 | D:11     | Noticed a green ugly thing
 11859 | D:11     | Killed a green ugly thing
 11929 | D:11     | Found Huavvisolo's Armour Boutique.
 12139 | D:11     | Noticed a centaur warrior
 12139 | D:11     | Identified the +10 whip of Dried Tears {drain, rElec}
 12159 | D:11     | Killed a centaur warrior
 12349 | D:11     | Acquired a +2 eveningstar of venom
 12708 | D:11     | Reached XP level 12. HP: 107/115 MP: 11/11
 12866 | Lair:1   | Entered Level 1 of the Lair of Beasts
 12919 | Lair:1   | Reached ****** piety under Trog
 13603 | Lair:2   | Acquired a manual of Evocations
 13767 | Lair:2   | Reached skill level 10 in Dodging
 14512 | Lair:3   | Noticed a death yak
 14540 | Lair:2   | Killed a death yak
 14693 | Lair:3   | Received a gift from Trog
 14725 | Lair:3   | Noticed diceflayer's ghost (journeyman MiFi)
 14744 | Lair:3   | Found a transporter.
 14745 | Lair:3   | Noticed Rupert
 14745 | Lair:3   | Paralysed by Rupert for 4 turns
 14768 | Lair:3   | Killed Rupert
 14769 | Lair:3   | Reached skill level 10 in Shields
 14827 | Lair:3   | Found a hole to the Spider Nest.
 14846 | Lair:3   | Reached skill level 15 in Fighting
 15161 | Lair:3   | Noticed a death yak
 15162 | Lair:3   | Noticed a death yak
 15162 | Lair:3   | Noticed a death yak
 15204 | Lair:3   | Killed a death yak
 15205 | Lair:3   | Reached XP level 13. HP: 103/124 MP: 12/12
 15351 | Lair:3   | Found a staircase to the Shoals.
 15362 | Lair:3   | Identified the +10 long sword "Quneimn" {drain, Fragile
                  | Will+ Int+3}
 15375 | Lair:3   | Found a transporter.
 15534 | Lair:3   | Reached skill level 10 in Armour
 15707 | Lair:3   | Found a bloodstained altar of Trog.
 16185 | Lair:4   | Reached skill level 10 in Evocations
 16771 | Lair:5   | Entered Level 5 of the Lair of Beasts
 17428 | Lair:5   | Reached XP level 14. HP: 136/136 MP: 13/13
 17546 | Lair:5   | Found a staircase to the Slime Pits.
 18205 | Lair:5   | Received a gift from Trog
 18627 | Orc:1    | Entered Level 1 of the Orcish Mines
 18991 | Orc:1    | Found Pech's Distillery.
 19146 | Orc:2    | Entered Level 2 of the Orcish Mines
 19146 | Orc:2    | Noticed Josephine
 19169 | Orc:2    | Killed Josephine
 19333 | Orc:2    | Found Xixzuwibb's Armour Emporium.
 19538 | Orc:1    | Received a gift from Trog
 19772 | Orc:2    | Found a staircase to the Elven Halls.
 19859 | Orc:2    | Noticed a stone giant
 19871 | Orc:2    | Killed a stone giant
 19979 | Orc:2    | Found Xavor's Antique Armour Emporium.
 19980 | Orc:2    | Found Fureb's Weapon Boutique.
 19983 | Orc:2    | Found Sogusol's General Store.
 20009 | Orc:2    | Bought 2 potions of heal wounds for 130 gold pieces
 20009 | Orc:2    | Bought a scroll of identify for 26 gold pieces
 20020 | Orc:2    | Bought a heavily runed chain mail for 332 gold pieces
 20020 | Orc:2    | Identified the +1 chain mail of Feral Intercession {MP+9}
                  | (You bought it in a shop on level 2 of the Orcish Mines)
 20026 | Orc:2    | Bought a +2 tower shield for 231 gold pieces
 20409 | D:12     | Noticed Gastronok
 20418 | D:12     | Killed Gastronok
 20970 | D:13     | Reached skill level 15 in Dodging
 21145 | D:13     | Reached XP level 15. HP: 145/149 MP: 14/14
 21370 | D:14     | Received a gift from Trog
 21986 | D:14     | Found a gate to the Vaults.
 22161 | D:15     | Entered Level 15 of the Dungeon
 22368 | D:15     | Found a staircase to the Depths.
 23164 | Spider:1 | Entered Level 1 of the Spider Nest
 23627 | Spider:1 | Reached skill level 15 in Maces & Flails
 23663 | Spider:1 | Reached skill level 15 in Shields
 23784 | Spider:1 | Noticed Frances
 23799 | Spider:1 | Killed Frances
 24885 | Spider:1 | Received a gift from Trog
 24998 | Spider:1 | Reached skill level 1 in Throwing
 25954 | Spider:2 | Reached XP level 16. HP: 162/162 MP: 15/15
 26300 | Spider:2 | Noticed Arachne
 26319 | Spider:2 | Killed Arachne
 26946 | Spider:2 | Reached skill level 5 in Throwing
 27031 | Spider:3 | Noticed Bai Suzhen
 27033 | Spider:3 | Identified Roxanne's Folio of Orogeny
 27033 | Spider:3 | Noticed Roxanne
 27033 | Spider:3 | Noticed Jorgrun
 27036 | Spider:3 | Noticed Aizul
 27059 | Spider:3 | Killed Aizul
 27093 | Spider:3 | Killed Jorgrun
 27206 | Spider:3 | Received a gift from Trog
 27668 | Spider:3 | Killed Bai Suzhen
 27669 | Spider:3 | Reached skill level 15 in Evocations
 27861 | Spider:3 | Lost intelligence.
 28250 | Spider:3 | Received a gift from Trog
 28391 | Spider:3 | Killed Roxanne
 28607 | Spider:4 | Entered Level 4 of the Spider Nest
 29395 | Spider:4 | Reached XP level 17. HP: 170/170 MP: 0/16
 30206 | Spider:4 | Got a gossamer rune of Zot
 30463 | Shoals:1 | Entered Level 1 of the Shoals
 30463 | Shoals:1 | Found Fodeq's Magic Scroll Boutique.
 30487 | Shoals:1 | Found Resao's Magic Scroll Boutique.
 30488 | Shoals:1 | Bought a scroll of brand weapon for 114 gold pieces
 30488 | Shoals:1 | Bought a scroll of enchant armour for 90 gold pieces
 30488 | Shoals:1 | Bought a scroll of magic mapping for 90 gold pieces
 30488 | Shoals:1 | Bought a scroll of teleportation for 36 gold pieces
 30488 | Shoals:1 | Bought a scroll of teleportation for 36 gold pieces
 30497 | Shoals:1 | Bought a scroll of enchant armour for 112 gold pieces
 30497 | Shoals:1 | Bought a scroll of vulnerability for 60 gold pieces
 30497 | Shoals:1 | Bought a scroll of summoning for 142 gold pieces
 30497 | Shoals:1 | Bought a scroll of fog for 60 gold pieces
 30497 | Shoals:1 | Bought a scroll of magic mapping for 112 gold pieces
 30523 | Shoals:1 | Found a frozen archway.
 30530 | IceCv    | Entered an ice cave
 30586 | IceCv    | Received a gift from Trog
 30744 | IceCv    | Identified the +1 pair of boots of Nijaim {rN+++ Will-
                  | Int+3}
 31659 | Shoals:1 | Found Kaess's Jewellery Emporium.
 32241 | Shoals:2 | Noticed a kraken
 32258 | Shoals:2 | Killed a kraken
 32721 | Shoals:3 | Received a gift from Trog
 33517 | Shoals:4 | Entered Level 4 of the Shoals
 33673 | Shoals:4 | Reached XP level 18. HP: 180/182 MP: 17/17
 34416 | Shoals:4 | Got a barnacled rune of Zot
 35013 | Elf:1    | Entered Level 1 of the Elven Halls
 35164 | Elf:1    | Found Tosyna's Armour Shoppe.
 35174 | Elf:1    | Received a gift from Trog
 35205 | Elf:1    | Found Uczoabb's Armour Emporium.
 35205 | Elf:1    | Found Yboin's Magic Scroll Shoppe.
 35209 | Elf:1    | Found Nawimar's Distillery.
 35230 | Elf:1    | Bought a scroll of brand weapon for 171 gold pieces
 35230 | Elf:1    | Bought a scroll of blinking for 135 gold pieces
 35230 | Elf:1    | Bought a scroll of enchant armour for 135 gold pieces
 35246 | Elf:1    | Bought a scroll of teleportation for 54 gold pieces
 35246 | Elf:1    | Bought a scroll of teleportation for 54 gold pieces
 35249 | Elf:1    | Bought a potion of haste for 140 gold pieces
 35249 | Elf:1    | Acquired a ring of fire
 35532 | Elf:1    | Identified the +1 ring mail of Gyprast {rPois}
 35780 | Elf:1    | Received a gift from Trog
 36177 | Elf:2    | Paralysed by an air elemental for 1 turns
 36183 | Elf:1    | Paralysed by an air elemental for 1 turns
 36361 | Elf:2    | Found a runed translucent gate.
 36362 | Elf:2    | Found a runed translucent gate.
 36362 | Elf:2    | Found a runed translucent gate.
 36503 | Elf:2    | Found a portal to a secret trove of treasure.
 36588 | Elf:2    | Identified the +0 robe of Polytheism {rPois Will+ Dex+3}
 37040 | Vaults:1 | Entered Level 1 of the Vaults
 37349 | Vaults:1 | Identified the ring of Ganirof {Wiz SInv}
 37457 | Vaults:1 | Reached XP level 19. HP: 191/191 MP: 18/18
 37580 | Vaults:1 | Identified the +10 flail "Wegh" {heavy, rC+} (Trog gifted
                  | it to you on level 1 of the Vaults)
 37580 | Vaults:1 | Received a gift from Trog
 37782 | Vaults:1 | Found a transporter.
 37782 | Vaults:1 | Found a transporter.
 37789 | Vaults:1 | Noticed a profane servitor
 37792 | Vaults:1 | Noticed carontestyx's ghost (adept MiCK)
 37892 | Vaults:1 | Reached skill level 15 in Armour
 38066 | Vaults:1 | Found a one-way gate to the infinite horrors of the Abyss.
 38886 | Vaults:2 | Found a flickering gateway to a bazaar.
 38895 | Bazaar   | Entered a bazaar
 38895 | Bazaar   | Found Fige's Weapon Shop.
 38895 | Bazaar   | Found Joewk's General Store.
 38895 | Bazaar   | Found Gairam's Weapon Emporium.
 38896 | Bazaar   | Found Ipsuxkoy's Armour Shop.
 38921 | Bazaar   | Bought a +2 pair of gloves of infusion for 236 gold pieces
 39006 | Vaults:2 | Found a staircase to the Crypt.
 39006 | Vaults:2 | Found a basalt altar of Yredelemnul.
 39020 | Vaults:2 | Found an ancient bone altar of Kikubaaqudgha.
 39197 | Vaults:2 | Received a gift from Trog
 39308 | Vaults:2 | Identified the +2 robe of Objectivity {rF+ Will+}
 39623 | Vaults:2 | Identified the +3 leather armour "Eciutiec" {Str+4}
 39779 | Vaults:2 | Identified the ring "Hiemoloo" {+Blink Int+6}
 39789 | Vaults:2 | Identified the +2 robe "Sasulept" {Harm +Inv rC- rCorr}
 39926 | Vaults:2 | Noticed Nikola
 39938 | Vaults:2 | Killed Nikola
 40833 | Vaults:2 | Received a gift from Trog
 41022 | Vaults:2 | Reached XP level 20. HP: 142/202 MP: 16/19
 41134 | Vaults:3 | You fall into a shaft and drop 1 floor!
 41275 | Vaults:4 | Found a crumbling gateway.
 41349 | Desolati | Entered the Desolation of Salt
 41750 | Desolati | Identified the +1 pair of gloves of Experimentation {Harm
                  | rC- Str+3}
 41841 | Desolati | Received a gift from Trog
 42007 | Desolati | Identified the +0 morningstar of Destiny {pain, rElec}
 42132 | Desolati | Identified the +5 short sword of the Supporting Madman
                  | {elec, Fly rN+ Will-}
 42160 | Desolati | Identified the ring of Perfectionism {rElec Slay+4}
 42273 | Desolati | Identified the ring "Lizobuab" {rPois rF- Will+ Str+6}
 42454 | Desolati | Identified the +0 leather armour of Veseewu {Int+4}
 42468 | Desolati | Identified the +6 rapier "Pikhlel" {flame, rF+ rC++ Int+3}
 42482 | Desolati | Identified the amulet of Spring {Faith Rampage +Inv Will+++
                  | Dex-2}
 43177 | Vaults:4 | Received a gift from Trog
 43470 | Vaults:3 | Noticed Jory
 43490 | Vaults:3 | Killed Jory
 43499 | Vaults:3 | Noticed Xtahua
 43508 | Vaults:3 | Killed Xtahua
 43674 | Vaults:3 | Received a gift from Trog
 44284 | Vaults:3 | Found the ring of the Tortoise {AC+8}
 44411 | Vaults:3 | Reached XP level 21. HP: 212/212 MP: 15/20
 45503 | Vaults:4 | Received a gift from Trog
 45693 | Vaults:4 | Identified the +2 hand axe of Cuomoif {distort, rF+ Str+2}
 46407 | Depths:1 | Entered Level 1 of the Depths
 46917 | Depths:1 | Found a one-way gateway to a ziggurat.
 47004 | Depths:1 | Found an opulent altar of Gozag.
 47035 | Depths:1 | Identified the +2 cloak "Qeipunupe" {rPois SInv}
 47428 | Elf:2    | You paid a toll of 2 scrolls of acquirement to enter a
                  | treasure trove
 47429 | Trove    | Entered a treasure trove
 47448 | Trove    | Identified the ring "Emauzias" {rElec Will+ Int+6 Dex-5}
 47452 | Trove    | Identified the +0 hat "Zesegra" {Harm rF- Str+4}
 47454 | Trove    | Identified the +6 scale mail of the Three Mystics {Will-
                  | Int+5 Dex+2}
 47460 | Trove    | Identified the ring of Tulips {Ice Slay+2}
 47468 | Trove    | Identified the +1 crystal plate armour of the True Pharaoh
                  | {Str+3 Dex+2 Slay+2}
 47512 | Trove    | Found the +10 tower shield of Ignorance {rN+ Int-4}
 48107 | Depths:1 | Found a one-way gate leading to the halls of Pandemonium.
 48188 | Depths:1 | Received a gift from Trog
 48319 | Depths:1 | Found a gateway to Hell.
 49075 | Depths:2 | Found a blossoming altar of Fedhas.
 50359 | Depths:3 | Noticed Louise
 50375 | Depths:3 | Killed Louise
 51297 | Depths:3 | Reached XP level 22. HP: 150/228 MP: 9/21
 51749 | Depths:3 | Noticed a golden dragon
 51753 | Depths:3 | Killed a golden dragon
 52294 | Depths:3 | Received a gift from Trog
 52296 | Depths:3 | Found the +4 robe of Folly {Brill Will-∞ Int+8}
 52426 | Depths:3 | Noticed a golden dragon
 52435 | Depths:3 | Noticed a juggernaut
 52446 | Depths:3 | Killed a juggernaut
 52449 | Depths:3 | Killed a golden dragon
 52588 | Depths:3 | Reached skill level 27 in Fighting
 52707 | Depths:3 | Identified the +3 rapier of the Land of Plenty {freeze,
                  | Will+ Int+5}
 52984 | Depths:4 | Entered Level 4 of the Depths
 53914 | Depths:4 | Found a hide-covered altar of Uskayaw.
 53921 | Depths:4 | Reached XP level 23. HP: 240/240 MP: 22/22
 53987 | Depths:4 | Received a gift from Trog
 54727 | Depths:4 | Found a gate to the Realm of Zot.
 55041 | Elf:3    | Entered Level 3 of the Elven Halls
 55800 | Elf:3    | Identified the amulet of Fun {Acrobat rCorr Str+3 Slay+5}
 56029 | Elf:3    | Identified the +0 ring mail of Fanaticism {rElec rN+
                  | Stlth+}
 56091 | Elf:3    | Identified the +4 leather armour of the True Pharaoh {-Tele
                  | rF+++ rC- Stlth+}
 56091 | Elf:3    | Identified the ring of the Burning God {Ice Dex+2}
 56093 | Elf:3    | Identified the +0 leather armour of Death Resistance
                  | {Rampage rF- rC++ Regen+}
 56107 | Elf:3    | Identified the +2 dagger "Uhoen" {heavy, rC- rN++ Dex+4}
 56109 | Elf:3    | Identified the staff of death "Nazudabb" {rElec rN+}
 56698 | Vaults:5 | Entered Level 5 of the Vaults
 56921 | Vaults:5 | Identified the +7 dire flail of Defilement {heavy, Drain
                  | rElec Int-3 SInv} (Trog gifted it to you on level 5 of the
                  | Vaults)
 56921 | Vaults:5 | Received a gift from Trog
 57013 | Vaults:5 | Reached XP level 24. HP: 205/249 MP: 10/22
 57090 | Vaults:5 | Identified the +1 war axe "NoMoreGames's Foe" {protect, rC+
                  | MP-9 Int+3}
 57459 | Vaults:5 | Noticed an ancient lich
 57475 | Vaults:5 | Killed an ancient lich
 57526 | Vaults:5 | Received a gift from Trog
 57694 | Vaults:5 | Identified the +4 longbow of Lies {freeze, Will+ Int+3}
 57783 | Vaults:5 | Identified the +2 scale mail "Isar" {Int+3}
 58428 | Vaults:5 | Paralysed by a floating eye for 4 turns
 58679 | Vaults:5 | Identified the staff of poison "Uxeucsaray" {rPois Int+2}
 58817 | Vaults:5 | Got a silver rune of Zot
 58909 | Vaults:5 | Found Deemnogi's Magic Scroll Shoppe.
 58913 | Vaults:5 | Bought a scroll of fog for 88 gold pieces
 58913 | Vaults:5 | Bought a scroll of enchant armour for 165 gold pieces
 58937 | Vaults:5 | Found Xeloh's Magic Scroll Boutique.
 58964 | Vaults:5 | Found Cabb's Distillery.
 58970 | Vaults:5 | Bought a potion of might for 68 gold pieces
 58970 | Vaults:5 | Bought a potion of might for 68 gold pieces
 58970 | Vaults:5 | Bought a potion of haste for 170 gold pieces
 59233 | Zot:1    | Entered Level 1 of the Realm of Zot
 59408 | Zot:1    | Received a gift from Trog
 59736 | Zot:1    | Identified the +6 great sword of Absolution {flame, Str+5}
 61878 | Zot:2    | Received a gift from Trog
 61884 | Zot:2    | Reached XP level 25. HP: 257/257 MP: 16/22
 63147 | Zot:3    | Identified the +5 double sword of Tosmaexo {venom, Fragile
                  | rC+++ Int+3}
 63249 | Zot:3    | Noticed an orb of fire
 63256 | Zot:3    | Gained mutation: You are clumsy. (Dex -2) [an orb of fire]
 63258 | Zot:3    | Gained mutation: Armour fits poorly on your strangely
                  | shaped body. [an orb of fire]
 63273 | Zot:3    | Gained mutation: You are frail. (-10% HP) [an orb of fire]
 63276 | Zot:3    | Gained mutation: Your mind is acute. (Int +4, Str/Dex -1)
                  | [an orb of fire]
 63279 | Zot:3    | Gained mutation: Your body sometimes deteriorates upon
                  | taking damage. [an orb of fire]
 63283 | Zot:3    | Killed an orb of fire
 63475 | Zot:3    | Lost mutation: Your mind is acute. (Int +4, Str/Dex -1)
                  | [potion of mutation]
 63475 | Zot:3    | Lost mutation: Your body sometimes deteriorates upon taking
                  | damage. [potion of mutation]
 63475 | Zot:3    | Lost mutation: Armour fits poorly on your strangely shaped
                  | body. [potion of mutation]
 63475 | Zot:3    | Gained mutation: You expend magic power (3 MP) to
                  | strengthen your wands. [potion of mutation]
 63475 | Zot:3    | Gained mutation: Your spells are a little harder to cast,
                  | but a little more powerful. [potion of mutation]
 63475 | Zot:3    | Gained mutation: Your movements are slightly less
                  | encumbered by armour. (ER -2) [potion of mutation]
 63475 | Zot:3    | Gained mutation: You have large cloven feet. [potion of
                  | mutation]
 63476 | Zot:3    | Lost mutation: Your movements are slightly less encumbered
                  | by armour. (ER -2) [potion of mutation]
 63476 | Zot:3    | Lost mutation: You have large cloven feet. [potion of
                  | mutation]
 63476 | Zot:3    | Lost mutation: You expend magic power (3 MP) to strengthen
                  | your wands. [potion of mutation]
 63476 | Zot:3    | Gained mutation: Your muscles are strong. (Str +4, Int/Dex
                  | -1) [potion of mutation]
 63476 | Zot:3    | Lost mutation: You are clumsy. (Dex -2) [potion of
                  | mutation]
 63477 | Zot:3    | Lost mutation: Your spells are a little harder to cast, but
                  | a little more powerful. [potion of mutation]
 63477 | Zot:3    | Lost mutation: You are frail. (-10% HP) [potion of
                  | mutation]
 63477 | Zot:3    | Gained mutation: You occasionally lose the ability to read
                  | scrolls when taking damage. [potion of mutation]
 63477 | Zot:3    | Gained mutation: You are dopey. (Int -2) [potion of
                  | mutation]
 63478 | Zot:3    | Lost mutation: Your muscles are strong. (Str +4, Int/Dex
                  | -1) [potion of mutation]
 63478 | Zot:3    | Lost mutation: You are dopey. (Int -2) [potion of mutation]
 63478 | Zot:3    | Lost mutation: You occasionally lose the ability to read
                  | scrolls when taking damage. [potion of mutation]
 63478 | Zot:3    | Gained mutation: Your movements are slightly less
                  | encumbered by armour. (ER -2) [potion of mutation]
 63478 | Zot:3    | Gained mutation: Your flesh is cold resistant. (rC+)
                  | [potion of mutation]
 64758 | Zot:4    | Noticed a Killer Klown
 64767 | Zot:4    | Killed a Killer Klown
 66321 | Zot:4    | Noticed an ancient lich
 66329 | Zot:4    | Killed an ancient lich
 66415 | Zot:4    | Received a gift from Trog
 66421 | Zot:4    | Noticed a Killer Klown
 66442 | Zot:4    | Killed a Killer Klown
 66693 | Zot:5    | Entered Level 5 of the Realm of Zot
 67428 | Zot:5    | Identified the orb "Seed Sost" {guile, rN+++ MP+9 Int+3
                  | Dex-3}
 67784 | Zot:5    | Noticed an ancient lich
 67808 | Zot:5    | Killed an ancient lich
 67857 | Zot:5    | Noticed an orb of fire
 67857 | Zot:5    | Noticed an ancient lich
 67860 | Zot:5    | Gained mutation: You are weak. (Str -2) [an orb of fire]
 67861 | Zot:5    | Noticed a dread lich
 67861 | Zot:5    | Noticed a dread lich
 67861 | Zot:5    | Noticed a dread lich
 67861 | Zot:5    | Noticed a Killer Klown
 67861 | Zot:5    | Noticed an ancient lich
 67862 | Zot:5    | Noticed an orb of fire
 67866 | Zot:5    | Noticed an orb of fire
 67873 | Zot:5    | Killed a dread lich
 67874 | Zot:5    | Reached XP level 26. HP: 222/266 MP: 16/22
 67911 | Zot:5    | Noticed an orb of fire
 67921 | Zot:5    | Gained mutation: Potions are less effective at restoring
                  | your health. [an orb of fire]
 67924 | Zot:5    | Noticed an ancient lich
 68125 | Zot:5    | Killed an ancient lich
 68178 | Zot:5    | Noticed an ancient lich
 68216 | Zot:5    | Killed an ancient lich
 68287 | Zot:4    | Killed an ancient lich
 68355 | Zot:5    | Gained mutation: You are frail. (-10% HP) [an orb of fire]
 68357 | Zot:5    | Noticed an ancient lich
 68368 | Zot:5    | Noticed an ancient lich
 68677 | Zot:5    | Gained mutation: You are vulnerable to heat. (rF-) [an orb
                  | of fire]
 68684 | Zot:5    | Killed an orb of fire
 68724 | Zot:5    | Lost mutation: You are vulnerable to heat. (rF-) [potion of
                  | mutation]
 68724 | Zot:5    | Lost mutation: You are frail. (-10% HP) [potion of
                  | mutation]
 68724 | Zot:5    | Lost mutation: Your flesh is cold resistant. (rC+) [potion
                  | of mutation]
 68724 | Zot:5    | Gained mutation: Your mind is acute. (Int +4, Str/Dex -1)
                  | [potion of mutation]
 68724 | Zot:5    | Gained mutation: You are resistant to electric shocks.
                  | (rElec) [potion of mutation]
 68776 | Zot:5    | Gained mutation: You are frail. (-10% HP) [an orb of fire]
 68783 | Zot:5    | Gained mutation: You occasionally shout uncontrollably at
                  | your foes. [an orb of fire]
 68785 | Zot:5    | Killed an orb of fire
 68849 | Zot:5    | Paralysed by a dread lich for 2 turns
 68857 | Zot:5    | Killed a dread lich
 69016 | Zot:5    | Killed an ancient lich
 69632 | Zot:5    | Killed an ancient lich
 69634 | Zot:5    | Paralysed by a dread lich for 2 turns
 69640 | Zot:5    | Killed a dread lich
 69653 | Zot:5    | Gained mutation: You occasionally lose the ability to read
                  | scrolls when taking damage. [an orb of fire]
 69654 | Zot:5    | Killed an orb of fire
 69665 | Zot:5    | Received a gift from Trog
 70070 | Zot:5    | Killed an ancient lich
 70767 | Zot:5    | Gained mutation: Your body sometimes deteriorates upon
                  | taking damage. [an orb of fire]
 70773 | Zot:5    | Gained mutation: You occasionally lose the ability to drink
                  | potions when taking damage. [an orb of fire]
 70775 | Zot:5    | Gained mutation: You expend magic power (3 MP) to
                  | strengthen your wands. [an orb of fire]
 70780 | Zot:5    | Killed an orb of fire
 70808 | Zot:5    | Lost mutation: You are frail. (-10% HP) [potion of
                  | mutation]
 70808 | Zot:5    | Lost mutation: You are resistant to electric shocks.
                  | (rElec) [potion of mutation]
 70808 | Zot:5    | Lost mutation: You expend magic power (3 MP) to strengthen
                  | your wands. [potion of mutation]
 70809 | Zot:5    | Lost mutation: Potions are less effective at restoring your
                  | health. [potion of mutation]
 70809 | Zot:5    | Lost mutation: You occasionally shout uncontrollably at
                  | your foes. [potion of mutation]
 70809 | Zot:5    | Lost mutation: Your movements are slightly less encumbered
                  | by armour. (ER -2) [potion of mutation]
 70809 | Zot:5    | Lost mutation: Your mind is acute. (Int +4, Str/Dex -1)
                  | [potion of mutation]
 70810 | Zot:5    | Lost mutation: You occasionally lose the ability to read
                  | scrolls when taking damage. [potion of mutation]
 70810 | Zot:5    | Lost mutation: You occasionally lose the ability to drink
                  | potions when taking damage. [potion of mutation]
 70810 | Zot:5    | Gained mutation: You expend magic power (3 MP) to
                  | strengthen your wands. [potion of mutation]
 70851 | Zot:5    | Got the Orb of Zot
 70981 | Zot:1    | Noticed Motosirgh the pandemonium lord
 71188 | D:10     | Reached skill level 27 in Shields
 71569 | D:$      | Escaped with the Orb!

Illustrated notes

Levels and vault maps discovered:
D:1:      dpeg_arrival_erosion, layout_loops_ring
D:2:      layout_basic
D:3:      layout_basic, dk_noncrumbling_3, uniq_terence, uniq_sigmund, uniq_ijyb
D:4:      layout_basic, nicolae_qazlal_beasts_of_the_sky
D:5:      layout_layer_cave, elyvilon_altar_1, lemuel_blue_sif_altar,
          portal_sewer_entry_d
D:6:      layout_rooms, minmay_temple_entry_mini_moons, uniq_eustachio,
          uniq_prince_ribbit1, uniq_blork_the_orc
D:7:      layout_loops_corners, mainiacjoe_overflow_large_starburst,
          regret_index_temple_of_mockery, serial_demonic, serial_demonic_b,
          serial_demonic_d, serial_demonic_d, serial_demonic_a
D:8:      layout_gridville, lemuel_tele_altar, minmay_diced_spiral, uniq_maggie,
          uniq_grum
D:9:      minmay_imperfect_grid, layout_loops_corners, zin_treasury
D:10:     layout_cave_pods, mainiacjoe_overflow_surrounded_room, david_orc_4,
          uniq_harold
D:11:     layout_stronghold, erik_lair_orcish_takeover, serial_shops, shop,
          vehumet_statue
D:12:     layout_loops_cross, uniq_gastronok
D:13:     layout_small_grid, kennysheep_flooded_box
D:14:     layout_long_grid, david_vaults_1, grunt_decor_resistance,
          hangedman_decor_points
D:15:     gammafunk_depths_entry_grave, layout_rooms, chequers_decorated_corner
Lair:1:   layout_gridlike
Lair:2:   layout_cave_pods, amcnicky_mini_pool_medium,
          infiniplex_staircase_pool_2
Lair:3:   layout_gridlike, minmay_shoals_entry_beasts, spider_nest_entry_a,
          gammafunk_ghost_wrathful_warriors, st_stairs_5,
          infiniplex_staircase_pool, uniq_rupert
Lair:4:   layout_gridlike, serial_forest, infiniplex_forest_clump_double,
          infiniplex_forest_lined_corner, infiniplex_forest_lined_3,
          infiniplex_forest_clump_diagonal, infiniplex_forest_end_3,
          infiniplex_forest_lined_room_3, infiniplex_forest_clump_tiny,
          infiniplex_forest_clump_diagonal
Lair:5:   guppyfry_lair_end_dragon, layout_cave_shapes, wormcave,
          dpeg_slime_entry_corner, pdpol_lair_neglected_garden,
          grunt_megastairs_2
Shoals:1: layout_shoals, serial_shops, shop, shop_fountains, shop_statue,
          portal_ice_cave_entry_pillars_three
Shoals:2: layout_shoals, nicolae_shoals_nautilus_by_nature
Shoals:3: layout_shoals
Shoals:4: shoals_end_hellmonk_lost_city
Spider:1: layout_spider_delve, nicolae_spider_swamp_cousins, uniq_frances
Spider:2: nicolae_spider_hilbert_zone_5 [nicolae_spider_hilbert_3_sides_1_open,
          nicolae_spider_hilbert_4_sides_1_open,
          nicolae_spider_hilbert_4_sides_1_open,
          nicolae_spider_hilbert_6_sides_1_open,
          nicolae_spider_hilbert_6_sides_1_open], hangedman_spider_mandibles,
          uniq_arachne
Spider:3: layout_spider_delve, nicolae_spider_not_touching_you, uniq_roxanne,
          uniq_jorgrun, uniq_aizul, uniq_bai_suzhen
Spider:4: spider_rune_water
Orc:1:    layout_caves, serial_shops, shop
Orc:2:    st_orc_open, layout_caves, uniq_josephine
Elf:1:    nicolae_elf_arrival_fired_up, layout_loops_ring,
          hangedman_elven_crosses_minicolossus, minivault_20, minmay_shoptagon
Elf:2:    nicolae_elf_blades_splatter_lattice [nicolae_blade_tridents],
          layout_geoelf_grid, enter_trove_3, uniq_asterion
Elf:3:    elf_hall_gauntlet_wide, layout_geoelf_grid
Vaults:1: gammafunk_ghost_abyssal_escape, v_misc_13,
          nicolae_vaults_stepped_doors, nicolae_vaults_wine_cellar,
          nicolae_vaults_angled_halls, ontoclasm_vaults_twist,
          nicolae_vaults_storage_closets_2, nicolae_vaults_border_crossing,
          nicolae_vaults_cochlea, nicolae_vaults_big_ls,
          nicolae_vaults_tetromino_L_1, v_rooms_2, ontoclasm_vaults_pinch,
          ontoclasm_vaults_misaligned, layout_vaults_omnibox
Vaults:2: hangedman_vaults_nodes, v_rooms_6, minmay_crypt_entry_necro_gods,
          hangedman_vaults_maws, v_rooms_1,
          vaults_standard_mumra_enter_the_diamond, ontoclasm_vaults_hangar,
          v_pattern_1, grunt_vaults_hallway_short,
          nicolae_vaults_storing_the_good_stuff, vaults_dpeg_ring,
          layout_vaults_ring, serial_shops, bzr_firewalk, uniq_nikola
Vaults:3: nicolae_vaults_network_square, vaults_room_pool,
          nicolae_vaults_know_your_exits, v_misc_5, nicolae_vaults_trapezoid_2,
          nicolae_vaults_mitosis, v_alt_pattern_2,
          nicolae_vaults_oval_intersection, nicolae_vaults_house_1,
          nicolae_vaults_tetromino_T_1, hangedman_vaults_stagger,
          hangedman_vaults_maws, hangedman_vaults_impose, vaults_mumra_chevron,
          layout_vaults_maze_snakey, uniq_jory, uniq_xtahua
Vaults:4: portal_desolation_entry_nicolae_slug, nicolae_vaults_tetromino_T_2,
          nicolae_vaults_windows_and_doors_thing, nicolae_vaults_library_corner,
          vaults_room_corners, nicolae_vaults_tetromino_L_2,
          nicolae_vaults_tetromino_L_1, nicolae_vaults_sealed_display,
          layout_vaults_omnigrid
Vaults:5
Depths:1: layout_roguey [special_room_mythical_zoo], enter_ziggurat_e,
          rand_demon_pan_entry_4, hell_entry, abyss_entry,
          nicolae_figureground_sparkle, grunt_ministairs_10,
          serial_bayou_lagoon_a, skrybe_limestone_x, nicolae_gozag_seed_capital,
          serial_bayou_shore_b
Depths:2: nicolae_cairo_tiling, layout_gridlike, serial_sigils,
          serial_sigils_hangedman_carve, serial_sigils_hangedman_gnaw,
          serial_sigils_hangedman_confine, serial_sigils_hangedman_snap,
          serial_sigils_hangedman_shear, rand_demon_pan_entry_3, fedhas_altar_1,
          hell_entry
Depths:3: cell_vault, layout_gridlike, nrook_campfire, hellmouth_3,
          nicolae_abyss_entry_one_way_or_another, hex_tiny,
          infiniplex_staircase_zigzag_3, serial_bayou_shore_b
Depths:4: grunt_zot_entry_pinwheel, layout_twisted_cross, hell_entry,
          nicolae_figureground_pulse, eat_drink_and_be_merry_uskayaw
Zot:1:    kennysheep_six_static_rooms, layout_gridlike
Zot:2:    layout_basic
Zot:3:    nicolae_moth_party, layout_gridlike, nicolae_rock_paper_scissors
Zot:4:    hangedman_zot_vaults_quadrants, layout_concentric_octagons,
          grunt_ministairs_6, hangedman_zot_decor_checkerboard
Zot:5:    layout_basic

Skill      XL: |  1  2  3  4  5  6  7  8  9 10 11 12 13 14 15 16 17 18 19 20 21 22 23 24 25 26 |
---------------+-------------------------------------------------------------------------------+-----
Fighting       | 4 5 7 8 9 10 12 13 15 17 19 20 21 22 23 25 27 | 27.0
Maces & Flails | 4 5 6 7 8 10 11 12 13 15 16 | 16.0
Shields        | 2 3 6 7 8 10 12 13 15 16 17 18 19 20 22 25 27 | 27.0
Armour         | 3 4 5 6 8 9 11 13 14 16 17 18 21 22 | 22.0
Dodging        | 3 4 5 6 7 9 11 13 15 17 18 19 20 22 24 26 | 26.2
Evocations     | 3 5 6 8 10 12 13 15 16 17 18 20 | 20.0
Throwing       | 2 6 |  6.0

Action                     |  1- 3 |  4- 6 |  7- 9 | 10-12 | 13-15 | 16-18 | 19-21 | 22-24 | 25-27 || total
---------------------------+-------+-------+-------+-------+-------+-------+-------+-------+-------++-------
  Melee: Mace              |    85 |    76 |   359 |    36 |       |       |       |       |       ||   556
         Headbutt          |    13 |    10 |    62 |   123 |   273 |   431 |   497 |   370 |   335 ||  2114
         Punch             |     1 |       |       |       |       |       |       |       |       ||     1
         Flail             |       |       |       |   276 |       |       |       |       |       ||   276
         Whip              |       |       |       |    49 |       |       |       |       |       ||    49
         Eveningstar       |       |       |       |   207 |  1044 |  1616 |  1604 |  1123 |   883 ||  6477
         Unarmed           |       |       |       |       |       |       |       |       |     2 ||     2
 Invoke: Berserk           |     3 |     3 |     8 |     6 |    12 |    12 |     3 |     4 |     8 ||    59
         Brothers in Arms  |       |       |       |       |       |     2 |     2 |     3 |     2 ||     9
         Trog's Hand       |       |       |       |       |       |     2 |     7 |     4 |     2 ||    15
  Evoke: Wand              |       |       |       |     3 |     3 |     5 |     7 |     8 |     5 ||    31
         Phantom mirror    |       |       |       |       |     1 |     1 |       |     1 |       ||     3
         Lightning rod     |       |       |       |       |       |     5 |    15 |     4 |       ||    24
         Box of beasts     |       |       |       |       |       |     1 |     2 |     2 |       ||     5
         Condenser vane    |       |       |       |       |       |     1 |     2 |     1 |     1 ||     5
         Phial of floods   |       |       |       |       |       |       |     1 |     1 |       ||     2
    Use: Scroll            |     5 |     2 |     9 |    21 |     4 |    16 |     4 |    10 |    10 ||    81
         Potion            |       |       |       |     1 |     2 |    12 |     4 |    10 |    17 ||    46
   Stab: Sleeping          |     2 |       |       |       |       |       |       |       |       ||     2
         Invisible         |       |       |       |       |     3 |     5 |       |       |       ||     8
         Distracted        |       |       |       |       |       |       |     1 |     1 |       ||     2
 Armour: Animal skin       |    11 |       |       |       |       |       |       |       |       ||    11
         Ring mail         |     5 |    15 |       |       |       |       |       |       |       ||    20
         Scale mail        |       |    17 |    47 |       |       |       |       |       |       ||    64
         Leather armour    |       |       |    62 |    47 |       |       |       |       |       ||   109
         Plate armour      |       |       |       |    64 |       |   211 |   269 |       |       ||   544
         Chain mail        |       |       |       |    90 |   315 |   218 |       |       |       ||   623
         Crystal plate arm |       |       |       |       |       |       |    96 |     8 |       ||   104
         Gold dragon scale |       |       |       |       |       |       |       |   334 |   240 ||   574
  Dodge: Dodged            |    50 |    20 |   159 |   237 |   598 |   655 |   624 |   394 |   312 ||  3049
  Block: Kite shield       |     9 |    19 |   156 |   294 |   449 |       |       |       |       ||   927
         Reflection        |       |       |       |     1 |     2 |       |       |       |       ||     3
         Tower shield      |       |       |       |       |   427 |  1579 |  1639 |   976 |   780 ||  5401
